 Dungeon Crawl Stone Soup version 0.31-a0-202-g547052bce9 (webtiles) character file.

Game seed: 11156586415461234974

37 qw the Shooter (level 3, -1/20 HPs)
             Began as a Deep Elf Hunter on June 26, 2023.
             Killed from afar by Sigmund (8 damage)
             ... with a puff of flame
             ... on level 2 of the Dungeon.
             The game lasted 00:00:17 (874 turns).

qw the Shooter (Deep Elf Hunter)                     Turns: 874, Time: 00:00:17

Health: -1/20      AC:  5    Str: 10    XL:     3   Next: 23%
Magic:  5/5        EV: 11    Int: 13    God:
Gold:   85         SH:  0    Dex: 18    Spells: 2/2 levels left

rFire   . . .        Y - +0 shortbow
rCold   . . .        (shield currently unavailable)
rNeg    . . .        h - +0 ring mail
rPois   .            (no helmet)
rElec   .            (no cloak)
rCorr   .            (no gloves)
SInv    .            (no boots)
Will    .....        (no amulet)
Stlth   +            (no ring)
HPRegen 0.23/turn    (no ring)
MPRegen 0.09/turn

%: no passive effects
@: no status effects
A: no striking features
a: no special abilities


You were on level 2 of the Dungeon.
You visited 1 branch of the dungeon, and saw 2 of its levels.

You collected 85 gold pieces.


   Skills:
 - Level 1.5 Fighting
 + Level 6.8 Ranged Weapons
 - Level 2.4 Dodging
 - Level 1.2 Stealth


You had 2 spell levels left.
You didn't know any spells.
Your spell library was empty.

Inventory:

Hand Weapons
 Y - a +0 shortbow (weapon)
Armour
 h - a +0 ring mail (worn)
Potions
 a - a potion of berserk rage {unknown}
 d - a potion of ambrosia {unknown}
 f - a potion of enlightenment
 i - a potion of brilliance {unknown}

Dungeon Overview and Level Annotations

Branches:
Dungeon (2/15)

Altars:

Annotations:
D:2 Sigmund


Message History

You kill the adder!
You have reached level 3!
Your experience leads to an increase in your attributes!
Increase (S)trength, (I)ntelligence, or (D)exterity?
You feel stronger. x2
You shoot an arrow. The arrow hits the endoplasm.
The endoplasm is almost dead.
You shoot an arrow. The arrow hits the endoplasm.
You kill the endoplasm!
a - a sedimented orange potion Sigmund the Dreaded comes into view.
He is wielding a +0 scythe.
You shoot an arrow. The arrow hits Sigmund!
Sigmund shouts!
Sigmund is moderately wounded.
A jackal comes into view.
Sigmund points at you and mumbles some strange words.
The magic dart hits you.
You shoot an arrow. The jackal barks!
The arrow hits Sigmund.
Sigmund is heavily wounded.
You shoot an arrow. The arrow hits the jackal!
You kill the jackal!
A jackal comes into view. x2
You shoot an arrow. The jackal barks!
The arrow hits Sigmund.
Sigmund is heavily wounded.
A jackal comes into view.
Sigmund gestures at you while chanting. The magic dart hits you!
You shoot an arrow. The arrow barely misses Sigmund.
The jackal barks!
You shoot an arrow. The arrow closely misses Sigmund.
You shoot an arrow. The arrow hits the jackal.
The jackal is moderately wounded.
The jackal barely misses you. Sigmund casts a spell at you.
The puff of flame hits you!
You die...

#.# #.######....
#.# #.#..........
#.# #.#...)......
#.# #.#..........
#.# #............
#.# #..>.........
#.# #.....h.h....
#.# #.....h@.....
#.# #.##.@.......
#.# #.##.........
###.###.#..........
#...##..#.......###
#.#.........(...+
#..~~~~..#.......#
#.#..~.~.[.......#
#..#.~~~.........#
##.#.....######.


You could see Sigmund and 3 jackals.

Vanquished Creatures
  An adder (D:2)
  4 bats (D:1)
  3 endoplasms
  A giant cockroach (D:1)
  A goblin (D:1)
  3 hobgoblins (D:1)
  A jackal (D:2)
  3 kobolds (D:1)
  3 quokkas (D:1)
  2 ball pythons (D:1)
  3 frilled lizards
  A rat (D:1)
26 creatures vanquished.

Notes
Turn   | Place    | Note
-------+----------+-------------------------------------------
     0 | D:1      | qw the Deep Elf Hunter began the quest for the Orb.
     0 | D:1      | Reached XP level 1. HP: 12/12 MP: 3/3
     0 | D:1      | 0 ||| qw: Version: 0.3-a-22-g0ed2b0b
     0 | D:1      | 0 ||| qw: Game counter: 5903
     0 | D:1      | 0 ||| qw: Melee chars always use a shield: true
     0 | D:1      | 0 ||| qw: God list: Okawaru
     0 | D:1      | 0 ||| qw: Allow faded altars: false
     0 | D:1      | 0 ||| qw: Do Orc after clearing Dungeon:15 true
     0 | D:1      | 0 ||| qw: Do second Lair branch before Depths: true
     0 | D:1      | 0 ||| qw: Lair rune preference: random
     0 | D:1      | 0 ||| qw: Goals: Normal
     0 | D:1      | 0 ||| PLANNING D:1-11
    78 | D:1      | Reached XP level 2. HP: 10/16 MP: 4/4
    83 | D:1      | Reached skill level 6 in Ranged Weapons
   152 | D:1      | HP: 4/16 [quokka (1)]
   158 | D:1      | HP: 3/16 [bat (1)]
   702 | D:1      | 702 ||| UPGRADING to +0 ring mail.
   712 | D:1      | 712 ||| DROPPING +0 leather armour.
   713 | D:1      | 713 ||| READING scroll labelled SELATHRO IRICHU.
   714 | D:1      | 714 ||| READING scroll labelled LIYBIRA LETAI.
   815 | D:1      | 815 ||| DRINKING 2 fizzy brown potions.
   816 | D:1      | 816 ||| DROPPING scroll of butterflies.
   858 | D:2      | Reached XP level 3. HP: 20/20 MP: 5/5
   867 | D:2      | Noticed Sigmund
   874 | D:2      | Killed from afar by Sigmund

Levels and vault maps discovered:
D:1:      amcnicky_arrival_feature_with_door, layout_basic, minivault_23,
          minmay_vboxes
D:2:      layout_basic, chequers_serial_rivers_micro_c, roderic_roman_lattice,
          uniq_sigmund, uniq_robin

Skill      XL: |  1  2 |
---------------+-------+-----
Ranged Weapons | 6 |  6.8
Fighting       | |  1.5
Dodging        | |  2.4
Stealth        | |  1.2

Action                     || total
---------------------------++-------
   Fire: Shortbow          ||    70
    Use: Scroll            ||     2
         Potion            ||     1
 Armour: Leather armour    ||    13
  Dodge: Dodged            ||    38

Table legend:
 A = Non-vault XP
 B = Vault XP
 C = Vault XP percentage of total XP
 D = Non-vault monster count
 E = Vault monster count
 F = Vault count percentage of total count
                 A         B        C        D         E       F
            +---------+---------+-------+---------+---------+-------
      Total |      44 |      10 |  18.5 |      20 |       6 |  23.1
            +---------+---------+-------+---------+---------+-------
        D:1 |      26 |      10 |  27.8 |      16 |       6 |  27.3
        D:2 |      18 |       0 |   0.0 |       4 |       0 |   0.0
            +---------+---------+-------+---------+---------+-------
